Cogmind - Beta 14 @@@ ROGUE MODE // 2024.08.09 @ 09:14:11 Player: TheProctologist Result: Self-destructed Performance ------------- Evolutions (1) 500 Regions Visited (2) 400 Robots Destroyed (52) 260 Value Destroyed (1464) 1464 Prototype IDs (0) 0 Alien Tech Used (0) 0 Bonus (158) 158 TOTAL SCORE: 2782 Bonus ------- High Alert Combat Kills 158 Cogmind --------- Core Integrity 30/400 Matter 69/300 Energy 140/250 System Corruption 8% Temperature Cool (0) Movement Treading (240) Ox1 Location -9/Materials Parts ------- > --- POWER (1) -------- Ion Engine > --- PROPULSION (2) --- Light Treads > --- UTILITY (4) ------ Large Storage Unit Reaction Control System > --- WEAPON (2) ------- Ion Cannon Mining Claw > --- INVENTORY (15) --- Light Treads Weight Redist. System Transport Network Coupler Light Armor Plating System Shield Ion Cannon Improved Light Cannon Improved Light Cannon Improved Light Cannon Improved Light Cannon Mini Grenade Launcher Maul Peak State ------------ > --- POWER ------------ Ion Engine > --- PROPULSION ------- Light Treads Light Treads > --- UTILITY ---------- Large Storage Unit Structural Scanner Targeting Computer Reaction Control System > --- WEAPON ----------- Ion Cannon Improved Light Cannon > --- INVENTORY -------- Ion Engine Light Treads Weight Redist. System Transport Network Coupler Light Armor Plating System Shield Ion Cannon Improved Light Cannon Improved Light Cannon Improved Light Cannon Mini Grenade Launcher Maul Mining Claw [Rating: 16] Favorites ----------- Power Ion Engine Engine Ion Engine Propulsion Light Treads Treads Light Treads Utility Structural Scanner Device Structural Scanner Storage Large Storage Unit Processor Targeting Computer Protection Hardened Light Armor Plating Weapon Improved Light Cannon Energy Gun EM Pulse Gun Energy Cannon Ion Cannon Ballistic Gun Heavy Assault Rifle Ballistic Cannon Improved Light Cannon Launcher Grenade Launcher Impact Weapon Maul Slashing Weapon Mining Claw Build | -11 -10 -9 ------- Run | Yrd Mat Mat Slots Evolved 2 | . . 2 Power . | . . . Propulsion . | . . . Utility 2 | . . 2 Weapon . | . . . Parts Attached 37 | 7 6 24 Power 4 | 1 . 3 Engine 4 | 1 . 3 Core . | . . . Reactor . | . . . Propulsion 7 | 2 . 5 Treads 7 | 2 . 5 Leg . | . . . Wheel . | . . . Hover . | . . . Flight . | . . . Utility 9 | 2 1 6 Device 4 | 1 1 2 Storage 2 | 1 . 1 Processor 1 | . . 1 Hackware . | . . . Protection 2 | . . 2 Artifact . | . . . Weapon 17 | 2 5 10 Energy Gun 5 | 2 2 1 Energy Cannon 1 | . . 1 Ballistic Gun 1 | . . 1 Ballistic Cannon 4 | . . 4 Launcher 4 | . 3 1 Special Weapon . | . . . Impact Weapon 1 | . . 1 Slashing Weapon 1 | . . 1 Piercing Weapon . | . . . Special Melee Weapon . | . . . Unidentified Prototypes . | . . . Parts Lost 12 | . . 12 Power 3 | . . 3 Propulsion 3 | . . 3 Utility 4 | . . 4 Weapon 2 | . . 2 Highest Loss Streak 3 | . . 3 To Critical Strikes . | . . . Average Slot Usage (%) 97 | . 100 97 Engine 11 | . 14 10 Treads 23 | . 28 21 Device 16 | . 14 18 Storage 11 | . 14 11 Processor 3 | . . 4 Protection 6 | . . 8 Energy Gun 9 | . 24 4 Energy Cannon 1 | . . 1 Ballistic Gun 1 | . . 2 Ballistic Cannon 9 | . . 12 Launcher 1 | . 3 . Peak Build Rating 16 | 9 9 16 Average Rating 11 | 6 8 13 On Entrance 5 | . 9 7 Naked Turns . | . . . Heaviest Build 41 | 14 16 41 Greatest Support 40 | 40 40 40 Greatest Overweight (x) 2 | . . 2 Average Overweight (x) . | . . . Largest Inventory Capacity 15 | 8 8 15 Average Capacity 11 | 7 8 13 Most Carried 15 | 3 8 15 Average Carried 10 | 1 7 12 Final Capacity 15 | 8 8 15 Final Carried 12 | 3 8 12 Class Distribution -------------------- 100% | Mutant Dominant Class ---------------- Mutant | -10/Materials Mutant | -9/Materials Resources | -11 -10 -9 ----------- Run | Yrd Mat Mat Matter Collected 894 | 227 30 637 Remotely . | . . . Salvage Created 1398 | 41 568 789 Parts 95 | 6 27 62 Haulers Intercepted 3 | . 1 2 Recyclers Shooed 1 | . 1 . Parts Field Recycled . | . . . Retrieved Matter . | . . . Parts Self-Destructed . | . . . Prevented . | . . . Kills | -11 -10 -9 ------- Run | Yrd Mat Mat Combat Hostiles Destroyed 40 | . 10 30 Melee 1 | . . 1 Guns 14 | . 4 10 Cannons 15 | . . 15 AOE 9 | . 6 3 Classes Destroyed 9 | 1 5 3 Worker 2 | . 2 . Builder 1 | . . 1 Tunneler 3 | 2 1 . Hauler 3 | . 1 2 Recycler 3 | . 3 . Swarmer 9 | . 2 7 Grunt 23 | . 8 15 Brawler 1 | . . 1 Sentry 7 | . . 7 Best Kill Streak 7 | 2 6 7 Combat Bots Only 7 | . 4 7 Max Kills in Single Turn 4 | 1 4 2 Gunslinging . | . . . Exploded 1 | . 1 1 Melee 1 | . . 1 Uniques/NPCs Destroyed . | . . . Combat | -11 -10 -9 -------- Run | Yrd Mat Mat Hostile Shots Fired 181 | . 23 158 Missed 53 | . 8 45 Damage Taken 2172 | . 169 2003 Core 418 | . 48 370 Absorbed by Shields . | . . . Core Remaining (%) 90 | 100 80 . Volleys Fired 104 | 3 19 82 Largest 2 | 2 2 2 Hottest 105 | 80 80 105 Shots Fired 197 | 6 38 153 Gun 70 | 6 29 35 Cannon 110 | . . 110 Launcher 17 | . 9 8 Special . | . . . Kinetic 114 | . . 114 Thermal 32 | 3 10 19 Explosive 17 | . 9 8 Electromagnetic 34 | 3 19 12 Robot Hit Streak 11 | 4 11 7 Robot Miss Streak 8 | 1 3 8 Penetration Max . | . . . Secondary Targets 1 | . . 1 Max Gunslinging Chain 1 | . . 1 Shots Hit Robots 133 | 5 25 103 Core Hits 78 | 2 21 55 Critical Kills 1 | . . 1 Critical Parts Destroyed 1 | . . 1 Critical Strikes 5 | . . 5 Blast 3 | . . 3 Smash 2 | . . 2 Melee Attacks 5 | . . 5 Impact 2 | . . 2 Slashing 3 | . . 3 Piercing . | . . . Sneak Attacks . | . . . Combat Hostiles . | . . . Follow-up Attacks . | . . . Damage Inflicted 3566 | 63 1193 2310 Guns 583 | 63 192 328 Cannons 1496 | . . 1496 Explosions 1391 | . 1001 390 Melee 87 | . . 87 Ramming 9 | . . 9 Kinetic 1499 | . . 1499 Thermal 530 | 22 103 405 Explosive 1187 | . 954 233 Electromagnetic 254 | 41 136 77 Impact 87 | . . 87 Slashing . | . . . Piercing . | . . . Highest Corruption 8 | . . 8 Average Corruption 8 | . . 8 Corruption Purged . | . . . Corruption Blocked . | . . . Overload Shots . | . . . Overflow Damage 111 | . 10 101 Projectiles 6 | . . 6 Explosions 60 | . 10 50 Melee 45 | . . 45 Knockbacks 13 | . . 13 Impact 1 | . . 1 Kinetic 12 | . . 12 Secondary . | . . . Self-Inflicted Damage 287 | . . 287 Shots 7 | . . 7 Rammed 1 | . . 1 Targets Rammed 1 | . . 1 Kicked . | . . . Crushed . | . . . Highest Temperature 162 | 36 65 162 Average Temperature 34 | 18 25 42 Received Heat Transfer 546 | . 90 456 Siege Activations . | . . . Robots Corrupted 1 | . . 1 Combat Hostiles 1 | . . 1 Parts Fried 2 | . 1 1 Impact Corruptions 2 | . . 2 Robots Melted . | . . . Combat Hostiles . | . . . Parts Melted . | . . . Heat Transferred 623 | 50 125 448 Parts Sabotaged . | . . . Parts Stolen . | . . . Parts Stripped . | . . . Power Chain Reactions 2 | . 1 1 Alert | -11 -10 -9 ------- Run | Yrd Mat Mat Peak Influence 815 | 10 215 815 Initial 90 | . 6 90 Average 325 | 5 72 448 Maximum Alert Level 3 | . 1 3 Low Security (%) 38 | 100 96 11 Level 1 22 | . 3 31 Level 2 29 | . . 43 Level 3 9 | . . 13 Level 4 . | . . . Level 5 . | . . . High Security . | . . . Max Security . | . . . Squads Dispatched 8 | . 5 3 Investigation 4 | . 3 1 Extermination . | . . . Reinforcement 4 | . 2 2 Assault . | . . . Garrison . | . . . Intercept . | . . . Searches Triggered . | . . . Construction Impeded . | . . . Haulers Reinforced . | . . . Active Scanning Responses . | . . . Cargo Convoy Interrupts . | . . . Stealth | -11 -10 -9 --------- Run | Yrd Mat Mat Distress Signals 10 | . 3 7 Communications Jammed . | . . . Distress Signals . | . . . Times Spotted 64 | . 18 46 Peak Tracking Total 7 | . 5 7 Tactical Retreats 4 | . . 4 Traps | -11 -10 -9 ------- Run | Yrd Mat Mat Traps Triggered 2 | . 2 . Indirectly . | . . . Trap Hack Attempts . | . . . Triggered . | . . . Disarmed . | . . . Reprogrammed . | . . . Reused . | . . . Traps Extracted . | . . . Installed . | . . . Triggered . | . . . Machines | -11 -10 -9 ---------- Run | Yrd Mat Mat Machines Disabled 15 | . 5 10 Max in Single Turn 4 | . 2 4 Machines Repaired . | . . . Machines Dismantled . | . . . Machines Sabotaged . | . . . Overloaded Fab Kills . | . . . Hacking | -11 -10 -9 --------- Run | Yrd Mat Mat Machines Accessed 6 | . 4 2 Terminals 6 | . 4 2 Fabricators . | . . . Repair Stations . | . . . Recycling Units . | . . . Scanalyzers . | . . . Garrison Access . | . . . Total Hacks 10 | . 7 3 Successful 2 | . . 2 Failed 8 | . 7 1 Catastrophic 6 | . 5 1 Database Lockouts . | . . . Manual 7 | . 6 1 Terminals 10 | . 7 3 Fabricators . | . . . Repair Stations . | . . . Recycling Units . | . . . Scanalyzers . | . . . Garrison Access . | . . . Terminal Hacks 2 | . . 2 Branch Access Points 2 | . . 2 Fabricator Hacks . | . . . Repair Station Hacks . | . . . Recycling Unit Hacks . | . . . Scanalyzer . | . . . Garrison Access Hacks . | . . . Unauthorized Hacks . | . . . Terminals . | . . . Fabricators . | . . . Repair Stations . | . . . Recycling Units . | . . . Scanalyzers . | . . . Garrison Access . | . . . Data Cores Recovered . | . . . Used . | . . . Hacking Detections 5 | . 4 1 Full Trace Events 2 | . 1 1 Feedback Events . | . . . Feedback Blocked . | . . . Robot Schematics Acquired . | . . . Robots Built . | . . . Authchips . | . . . Time . | . . . Total Robot Build Rating . | . . . Part Schematics Acquired . | . . . Parts Built . | . . . Authchips . | . . . Time . | . . . Total Part Build Rating . | . . . Parts Repaired . | . . . Time . | . . . Parts Recycled . | . . . Recycled Matter . | . . . Retrieved Matter . | . . . Retrieved Components . | . . . Parts Scanalyzed . | . . . Part Schematics Acquired . | . . . Parts Damaged . | . . . Bothacking | -11 -10 -9 ------------ Run | Yrd Mat Mat Used RIF Installer . | . . . Robots Hacked . | . . . Non-combat . | . . . Combat . | . . . Robot Hacks Applied . | . . . Relay Couplers Released . | . . . Fabnet Peak Effective % . | . . . Robots Rewired . | . . . Allies Hacked . | . . . Hacks Repelled . | . . . Allies | -11 -10 -9 -------- Run | Yrd Mat Mat Total Allies . | . . . Largest Group . | . . . Highest-Rated Group . | . . . Highest-Rated Ally . | . . . Total Orders . | . . . Ally Attacks . | . . . Total Damage . | . . . Kills . | . . . Allies Corrupted . | . . . Allies Melted . | . . . Intel | -11 -10 -9 ------- Run | Yrd Mat Mat Robot Analysis Total . | . . . Derelict Logs Recovered . | . . . Drone Launches . | . . . Drone Recoveries . | . . . Exploration | -11 -10 -9 ------------- Run | Yrd Mat Mat Turns Passed 2335 | 126 618 1591 Spaces Moved 1129 | 69 341 719 Core 5 | 5 . . Treads 1124 | 64 341 719 Legs . | . . . Wheels . | . . . Hover . | . . . Flight . | . . . Fastest Speed 50 | 50 160 160 Average Speed 168 | 152 160 173 Slowest Speed 320 | 160 160 320 Overloaded Moves . | . . . Propulsion Burnouts . | . . . Robots Hopped . | . . . Cave-ins Triggered 1 | . . 1 Exploration Rate (%) 46 | 5 65 70 Regions Visited 2 Branch Regions . Pre-discovered Areas . | . . . Known Exits Taken . | . . . Unknown Exits Taken 2 | 1 1 . Scrap Searched . | . . . Spaces Dug 1 | . . 1 Terrain Destroyed 163 | . 39 124 Melee 1 | . . 1 Projectile 5 | . . 5 AOE 157 | . 39 118 Terrain Rammed . | . . . Walls Destroyed . | . . . Machines Disabled . | . . . Actions | -11 -10 -9 --------- Run | Yrd Mat Mat Total 1354 | 81 374 899 Wait 23 | . 1 22 Move 1126 | 68 340 718 Hop . | . . . Pick Up 34 | 3 6 25 Fast Attach 15 | 7 1 7 Attach 8 | . . 8 Detach 3 | . . 3 Swap 14 | . 5 9 Drop 20 | . 2 18 Fire 104 | 3 19 82 Melee 5 | . . 5 Ram . | . . . Kick . | . . . Crush 1 | . . 1 Escape Stasis 1 | . . 1 Rewire . | . . . Trap . | . . . Miscellaneous . | . . . Route ------- -11/Scrapyard -10/Materials (discovered 3 exits: *Mat x2 / [*Min]) -9/Materials (discovered 5 exits: [*Mat x2] / *Min x2 / *Sto) History --------- Turn | Location | Event 20 | -11/Scrapyard | Discovered new exit (range 16) 127 | -11/Scrapyard | Entered Materials 302 | -10/Materials | Build established: Mutant 310 | -10/Materials | Discovered new exit (range 16) 540 | -10/Materials | Discovered new exit (range 6) 676 | -10/Materials | Discovered new exit (range 14) 727 | -10/Materials | Derelicts attacked the area 745 | -10/Materials | Entered another Materials area 745 | -9/Materials | Evolved 2 slots: Utility x2 755 | -9/Materials | Discovered new exit (range 15) 1134 | -9/Materials | Discovered new exit (range 10) 1190 | -9/Materials | Destroyed 7 combat bots 1706 | -9/Materials | Core integrity fell below 50% 1835 | -9/Materials | Discovered new exit (range 4) 1862 | -9/Materials | Identified exit to Mines 1862 | -9/Materials | Identified exit to Storage 2334 | -9/Materials | Crushed by falling debris 2335 | -9/Materials | Core integrity fell below 20% 2336 | -9/Materials | Self-destructed Last Messages --------------- 02181_ Acquired 6 matter. 02186_ Acquired 2 matter. 02187_ Y-45 Defender destroyed. 02193_ Acquired 4 matter. 02206_ Acquired 5 matter. 02264_ W-16 Scout sends out distress signal. 02295_ Ion Engine destroyed. 02297_ Y-45 Defender destroyed. 02305_ Acquired 44 matter. 02308_ Acquired 4 matter. 02317_ U-05 Engineer lays Concrete. 02323_ U-05 Engineer builds a Wall. 02334_ The unstable cave ceiling collapses. 02334_ Crushed by falling debris. 02334_ Lgt. Treads destroyed. 02334_ System corrupted by crushing effect (+3). 02334_ Targeting Computer destroyed. 02334_ System corrupted by crushing effect (+3). 02334_ Structural Scanner destroyed. 02334_ System corrupted by crushing effect (+2). Map ----- +----------------------------------------------------+ | | | ?????????????????????????????????????????????????? | | ?????????????????????????????????????????????????? | | ?????????????????????????????????????????????????? | | ?????????????????????????????????????????????????? | | ?????????????????????????????????????????????????? | | ?????????????????????????????????????????????????? | | ?????????????????????????????????????????????????? | | ?????????????????????????????????????????????????? | | ?????????????????????????????????????????????????? | | ???????????????????#####?????????????????????????? | | ???????????????????#######???????????????????????? | | ??????????????????? ##???????????????????????? | | ??????????????????? ###??????????????????????? | | ??????????????????? > ####?????????????????????? | | ??????????????????? ##?????????????????????? | | ?????????????????# ###????????????????????? | | ???????????####### # "##????????????????????? | | ?????????######### # ????????????????????? | | ?????????#### # # # ?????????????????????? | | ????????### # ### + ?????????????????????? | | ????????### # # ????????????????????? | | ????????## # # ????????????????????? | | ????????## # # ####????????? | | ????????## # ##################????????? | | ????????## # ##@# ##????????? | | ????????## # #### ##????????? | | ????????### + #### """" ""T"" ##????????? | | ????????### [ # #### """" """"" ##????????? | | ??? ????## [ = # #### ##????????? | | ??? ???#####+##### ##########+#######????????? | | ??? "???##### # # ####### #####????????? | | ??? "?????### #### "" ###??????????? | | ??? "???##### #### T ???? | | ? ?##### #### ! | | ?###+###?## ####### [[ | | ### ##?## #####################+#### """ [[ | | ### ##?## ##############??? # ""?? [ | | ##?## ##?????????????????? "T???? ""?? ? | | ?## ##?## ######?????????????? ????? ?? ?? | | ### ##### ######?????????????? """????? ??? ??? | | ### ##### !!##?????????????? ???????? | | "#### !##?????????????? ???????? | | "#### !!##?????????????? ??????????????##+ | | [ !##????????????????????????????? | | ### ]##???????????????????????????????? | | ### ]##???????????????????????????????? | | = ########???????????????????????????????? | | ########???????????????????????????????? | | ###### % ???????????????????????????????? | +----------------------------------------------------+ Best States ------------- Heat Dissipation 50 Energy Generation 10 Energy Capacity 250 Matter Stores 287 Matter Capacity 300 Sight Range 16 Terrain Scan Range 16 Terrain Scan Density 10 Armor Coverage 150 Evasion (%) 40 Targeting Accuracy 5 Recoil Reduction 2 Item Schematics ----------------- None Robot Schematics ------------------ None Fabricated ------------ Nothing Alien Tech Used ----------------- None Achievements -------------- None Challenges ------------ None Game ------ Seed ActuatorCatalystPlatform Manual? 0 Play Time 00:35:44 Cumulative 17.0 hours Start 2024.08.09 @ 08:38:08 End 2024.08.09 @ 09:14:11 Sessions 1 Manual Loads 0 Difficulty Rogue Special Mode None Game No. 23 Rogue 23 Adventurer 0 Explorer 0 Win Type - Total 0 Types 0/0/0/0/0/0/0/0/0 Lore% 7 Gallery% 15 Achievement% 13 Wizard Run 0 Options --------- Layout 1 ASCII 0 Keyboard 0 Movement Numpad Keybinds 0 Fullscreen 1 Font 32/SmallcapsGlow Map View 50x40 Zoom Use 16% Tactical HUD 1 Map Filters NONE Filters NONE Steam 1 RUN: 236ccafc-0676-49d0-93dd-eb60a88223c2